 Dungeon Crawl Stone Soup version 0.18.1-6-gd335043 (webtiles) character file.

53441 vale the Nimble (level 15, -3/101 HPs)
             Began as a Halfling Wizard on May 19, 2016.
             Was a Believer of Ashenzari.
             Slain by a death yak (8 damage)
             ... on level 7 of the Lair of Beasts.
             The game lasted 02:18:32 (34039 turns).

vale the Nimble (Halfling Wizard)                  Turns: 34039, Time: 02:18:32

Health: -3/101     AC:  9    Str:  7    XL:     15   Next: 10%
Magic:  20/27      EV:  3    Int: 22    God:    Ashenzari [**....]
Gold:   1266       SH:  0    Dex: 15    Spells: 11 memorised, 1 level left

rFire  . . .     SeeInvis .     a - +3 dagger
rCold  + . .     Gourm    .     Q - +0 troll leather armour
rNeg   + + +     Faith    .     (shield restricted)
rPois  ∞         Spirit   .     n - +1 hat
rElec  .         Dismiss  .     (no cloak)
rCorr  .         Reflect  .     y - +0 pair of gloves
SustAt .         Harm     .     x - +0 pair of boots
MR     +....                    (no amulet)
Stlth  +++++.....               S - ring of poison resistance
                                e - ring of protection from cold

@: petrified, repel missiles, somewhat resistant to hostile enchantments, quite
stealthy
A: mutation resistance 1
a: Curse Item, Scrying, Renounce Religion


You were on level 7 of the Lair of Beasts.
You worshipped Ashenzari.
Ashenzari was pleased with you.
You were not hungry.

You visited 3 branches of the dungeon, and saw 20 of its levels.
You also visited: Volcano.

You collected 1266 gold pieces.

Inventory:

Hand Weapons
 a - a +3 dagger (weapon)
 b - the +9 arbalest of the Stork {freeze, rN+ Str+4 Stlth+}
   (You found it on level 5 of the Dungeon)

   It causes projectiles fired from it to freeze those they strike, causing
   extra injury to most foes and up to half again as much damage against
   particularly susceptible opponents.
   They can also slow down cold-blooded creatures.
   It affects your strength (+4).
   It protects you from negative energy.
   It makes you more stealthy.
 l - a +0 lajatang
 B - a +0 war axe of flaming
 Y - a +2 short sword of speed
Missiles
 w - 58 bolts
Armour
 n - a +1 hat (worn)
 p - a +0 robe of resistance
 x - a +0 pair of boots (worn)
 y - a +0 pair of gloves (worn)
 D - a +0 buckler
 Q - a +0 troll leather armour (worn)
Jewellery
 e - a ring of protection from cold (left hand)
 s - an uncursed ring of fire
 S - a ring of poison resistance (right hand)
Wands
 E - a wand of lightning (12/15)
 I - a wand of enslavement (7/24)
 K - a wand of disintegration (7/24)
 M - a wand of disintegration (16/24)
 O - a wand of iceblast (11/15)
 P - a wand of teleportation (2/9)
 U - a wand of heal wounds (4/9)
Scrolls
 h - 2 scrolls of enchant weapon
 i - 4 scrolls of amnesia
 m - 8 scrolls of remove curse
 r - 3 scrolls of magic mapping
 G - 5 scrolls of fear
 H - 2 scrolls of enchant armour
 J - a scroll of blinking
 N - a scroll of teleportation
 R - a scroll of fog
 V - a scroll of recharging
Potions
 g - 3 potions of haste
 j - 4 potions of brilliance
 k - 6 potions of curing
 o - 2 potions of cancellation
 u - 2 potions of heal wounds
 v - 6 potions of flight
 F - 2 potions of might
 W - a potion of invisibility
 Z - a potion of agility
Books
 c - a book of Minor Magic

   Spells                             Type                      Level
   a - Magic Dart                     Conjuration                  1
   b - Blink                          Translocation                2
   c - Call Imp                       Summoning                    2
   d - Repel Missiles                 Charms/Air                   2
   e - Slow                           Hexes                        2
   f - Conjure Flame                  Conjuration/Fire             3
   g - Mephitic Cloud                 Conjuration/Poison/Air       3
 f - a book of the Tempests

   Spells                             Type                      Level
   a - Static Discharge               Conjuration/Air              3
   b - Lightning Bolt                 Conjuration/Air              5
   c - Fireball                       Conjuration/Fire             5
   d - Tornado                        Air                          9
   e - Shatter                        Earth                        9
 L - a book of Battle

   Spells                             Type                      Level
   a - Infusion                       Charms                       1
   b - Shroud of Golubria             Charms/Translocation         2
   c - Song of Slaying                Charms                       2
   d - Spectral Weapon                Hexes/Charms                 3
   e - Regeneration                   Charms/Necromancy            3
Miscellaneous
 C - a box of beasts {used: 3}
Comestibles
 d - 15 bread rations {@e1}
 q - 33 fruits
 t - 8 beef jerkies
 z - 9 slices of pizza
 A - 7 meat rations {@e2}
 T - 5 chunks of flesh {@w0}


   Skills:
 + Level 9.1 Fighting
 - Level 4.0 Short Blades
 - Level 8.7 Armour
 - Level 10.7 Dodging
 * Level 9.9 Stealth
 - Level 8.0 Spellcasting
 - Level 8.0 Conjurations
 - Level 4.4 Charms
 - Level 0.8 Summonings
 - Level 2.8 Necromancy
 - Level 4.0 Translocations
 - Level 8.4 Air Magic


You had one spell level left.
You knew the following spells:

 Your Spells              Type           Power        Failure   Level  Hunger
a - Magic Dart            Conj           ####         1%          1    None
b - Shroud of Golubria    Chrm/Tloc      ####......   2%          2    None
c - Conjure Flame         Conj/Fire      ####....     8%          3    None
d - Mephitic Cloud        Conj/Pois/Air  ####....     4%          3    None
e - Call Imp              Summ           ##......     14%         2    None
f - Repel Missiles        Chrm/Air       #####.       1%          2    None
g - Regeneration          Chrm/Necr      ###.......   10%         3    None
h - Spectral Weapon       Hex/Chrm       ###.....     14%         3    None
i - Lightning Bolt        Conj/Air       #####.....   12%         5    #####..
o - Static Discharge      Conj/Air       #####...     1%          3    None
p - Blink                 Tloc           N/A          2%          2    None


Dungeon Overview and Level Annotations

Branches:
Dungeon (11/15)            Temple (1/1) D:6            Lair (8/8) D:11
 Shoals (0/4) Lair:3       Spider (0/4) Lair:6
  Slime: Lair:6-8       Orc: D:9-12

Altars:
Ashenzari
Cheibriados
Dithmenos
Elyvilon
Fedhas
Gozag
Kikubaaqudgha
Makhleb
Nemelex Xobeh
Okawaru
Pakellas
Qazlal
Ru
Sif Muna
Trog
Vehumet
Xom
Yredelemnul
Zin
The Shining One

Annotations:
D:5 ShutUppercut's ghost, amateur KoAs
D:8 Gastronok
D:9 exclusion: downstairs
D:11 badtown's ghost, journeyman MfIE
Lair:6 exclusion: Maud, Helmschank's ghost, journeyman KoAs; Maud


Innate Abilities, Weirdness & Mutations

You are small and have problems with some larger weapons.
You are somewhat resistant to further mutation.


Message History

The death yak gores you but does no damage.
The death yak gores you! The death yak gores you!!
* * * LOW HITPOINT WARNING * * *
The death yak gores you!
* * * LOW HITPOINT WARNING * * *
The death yak gores you!!
* * * LOW HITPOINT WARNING * * *
The death yak gores you!
* * * LOW HITPOINT WARNING * * *
The death yak gores you!!
* * * LOW HITPOINT WARNING * * *
The death yak gores you.
* * * LOW HITPOINT WARNING * * *
The death yak gores you. The death yak gores you!!
* * * LOW HITPOINT WARNING * * *
The death yak gores you!!
* * * LOW HITPOINT WARNING * * *
The death yak gores you!
You die...

P.......÷........................
.....###...............#.......#.
...##.#......≈≈≈≈≈≈..####.....##.
...#####..P..≈≈≈≈≈≈≈.≈# #...P##..
#...# #..[P.≈≈≈≈≈≈≈≈≈.# #......#.
...## #....≈≈≈≈≈≈≈≈≈.####....##..
#..# ##...≈≈≈≈≈≈≈≈≈...###....##.
...## ##....≈≈≈.Y≈≈..#####...##..
....###.....≈≈≈.@Y...####P..P....
...P#.#...#...........#P.P.......
.................................
.................................
.............P.......####..P.....
......#P.P...####...## ##........
......###.....##....# #...#..#..
.....#.####....#....# ##...##...
......## ##...###...# ##...#.#..


You could see 2 death yaks.

Vanquished Creatures
  A hydra (Lair:4)
  A death yak (Lair:7)
  A hill giant (D:11)
  Pikel (D:8)
  3 ugly things
  6 black mambas
  A centaur zombie (D:11)
  8 spiny frogs
  7 komodo dragons
  A rime drake (Lair:3)
  A kobold demonologist (D:10)
  2 trolls (D:11)
  A polar bear (Lair:1)
  Grinder (D:4)
  Prince Ribbit (Lair:3)
  34 blink frogs
  Sigmund (D:4)
  2 redbacks (Lair:6)
  2 wyverns
  Eustachio (D:4)
  42 yaks
  A wraith (D:10)
  2 basilisks
  2 fire bats (Volcano)
  A human (D:7)
  13 hippogriffs
  3 hungry ghosts (D:8)
  Grum (D:9)
  9 water moccasins
  10 porcupines
  2 sky beasts
  2 black bears
  2 slaves (D:8)
  4 ice beasts
  5 orc warriors
  A necrophage (D:5)
  A phantom (D:8)
  14 wolves
  6 ogres
  3 centaurs
  10 crocodiles
  An elf zombie (D:6)
  2 big kobolds
  13 giant frogs
  A wyvern zombie (D:10)
  2 elf skeletons (D:6)
  A water moccasin zombie (D:10)
  5 scorpions
  16 killer bees
  2 electric eels
  3 howler monkeys
  5 crimson imps
  2 lava snakes (Volcano)
  9 hounds
  11 orc priests
  2 centaur skeletons
  2 giant frog skeletons
  6 jellies
  13 orc wizards
  A human zombie (D:6)
  Jessica (D:3)
  3 human skeletons (D:6)
  4 iguanas
  4 worker ants
  4 hell rats (Lair:5)
  17 sheep
  3 hound zombies
  2 hound skeletons
  A howler monkey zombie (D:6)
  2 worker ant zombies
  6 adders
  A gnoll (D:2)
  2 howler monkey skeletons
  37 river rats
  A shadow imp (D:7)
  3 oozes
  A worm (D:3)
  4 dart slugs
  2 giant geckos
  62 orcs
  3 ball pythons
  12 bats
  3 giant cockroaches
  5 goblins
  8 hobgoblins
  11 jackals
  5 quokkas
  A giant gecko skeleton (D:4)
  8 giant newts
  A jackal skeleton (D:6)
  16 kobolds
  4 orc skeletons (D:6)
  14 rats
  2 plants
  A spectral weapon (Lair:7)
561 creatures vanquished.

Vanquished Creatures (collateral kills)
  An orc sorcerer (Volcano)
  2 water moccasins
  A sky beast (D:6)
  4 orc warriors (Volcano)
  A phantom (D:4)
  2 ogres
  A killer bee (D:9)
  2 hounds (D:4)
  2 iguanas (D:4)
  2 gnolls (D:3)
  2 adders
  An adder skeleton (D:4)
  2 worms
  A giant gecko (D:1)
  2 orcs
  2 kobolds
  A quokka (D:4)
29 creatures vanquished.

Vanquished Creatures (others)
  A wyvern (Lair:6)
  2 slaves (D:9)
  A killer bee (D:8)
  A crimson imp (D:9)
  An adder (D:9)
  31 fungi
  21 plants
  2 spectral weapons (Lair:7)
60 creatures vanquished.

Grand Total: 650 creatures vanquished

Notes
Turn   | Place    | Note
--------------------------------------------------------------
     0 | D:1      | vale the Halfling Wizard began the quest for the Orb.
     0 | D:1      | Reached XP level 1. HP: 11/11 MP: 3/3
     8 | D:1      | Reached skill level 1 in Conjurations
   134 | D:1      | Reached XP level 2. HP: 17/17 MP: 3/5
   463 | D:1      | Learned a level 2 spell: Blink
   466 | D:1      | Learned a level 2 spell: Call Imp
  1145 | D:1      | Reached XP level 3. HP: 17/21 MP: 1/6
  1665 | D:2      | Found a deep blue altar of Sif Muna.
  2388 | D:2      | Reached XP level 4. HP: 27/27 MP: 5/7
  2671 | D:3      | Noticed Jessica
  2675 | D:3      | Killed Jessica
  3010 | D:2      | fucking dumb
  3010 | D:2      | i should not have used that exit
  3503 | D:3      | Reached XP level 5. HP: 31/31 MP: 4/8
  4400 | D:3      | Found a sacrificial altar of Ru.
  4622 | D:3      | Reached XP level 6. HP: 36/36 MP: 1/9
  4730 | D:3      | Learned a level 3 spell: Mephitic Cloud
  5392 | D:4      | Reached skill level 5 in Conjurations
  5528 | D:4      | Noticed Sigmund
  6254 | D:4      | Reached XP level 7. HP: 35/41 MP: 7/11
  6431 | D:4      | Noticed Grinder
  6438 | D:4      | Paralysed by Grinder for 2 turns
  6474 | D:3      | thank you imp
  6702 | D:5      | Entered Level 5 of the Dungeon
  6702 | D:5      | Noticed Eustachio
  6735 | D:4      | Learned a level 3 spell: Conjure Flame
  6738 | D:4      | Learned a level 2 spell: Repel Missiles
  7098 | D:4      | Killed Sigmund
  7277 | D:5      | Reached XP level 8. HP: 43/46 MP: 7/15
  7477 | D:5      | Reached skill level 5 in Spellcasting
  7787 | D:4      | Found a shattered altar of Ashenzari.
  7854 | D:4      | Became a worshipper of Ashenzari the Shackled
  8385 | D:5      | Got the arbalest of the Stork {freeze, rN+ Str+4 Stlth+}
  8436 | D:5      | Identified the +9 arbalest of the Stork {freeze, rN+ Str+4 Stlth+} (You found it on level 5 of the Dungeon)
  8727 | D:4      | Killed Eustachio
  9162 | D:5      | Noticed ShutUppercut's ghost (amateur KoAs)
  9457 | D:5      | Reached XP level 9. HP: 51/51 MP: 19/19
  9551 | D:5      | Found a bloodstained altar of Trog.
  9575 | D:5      | Found an iron altar of Okawaru.
  9761 | D:4      | Killed Grinder
  9936 | D:6      | Found a staircase to the Ecumenical Temple.
  9995 | Temple   | Entered the Ecumenical Temple
 10237 | Temple   | Learned a level 3 spell: Static Discharge
 10243 | Temple   | Learned a level 5 spell: Lightning Bolt
 10320 | D:6      | Found an opulent altar of Gozag.
 10458 | D:6      | Reached skill level 3 in Dodging
 10770 | D:6      | Found a burning altar of Makhleb.
 10770 | D:6      | Noticed a balrug
 10805 | D:6      | Reached skill level 4 in Dodging
 11099 | D:6      | Reached skill level 5 in Dodging
 11187 | D:6      | Reached skill level 1 in Fighting
 11540 | D:7      | Reached XP level 10. HP: 50/63 MP: 19/22
 12057 | D:7      | Reached skill level 5 in Fighting
 13531 | D:7      | Found a stormy altar of Qazlal.
 13531 | D:7      | Found a white marble altar of Elyvilon.
 13688 | D:8      | Noticed Gastronok
 13836 | D:8      | Found an oddly glowing altar of Pakellas.
 14226 | D:8      | Reached skill level 6 in Dodging
 14399 | D:8      | Found a sparkling altar of Nemelex Xobeh.
 14671 | D:9      | Noticed Grum
 14734 | D:9      | Killed Grum
 15426 | D:9      | Noticed Pikel
 15448 | D:8      | Killed Pikel
 15448 | D:8      | Reached skill level 7 in Dodging
 15448 | D:8      | Reached XP level 11. HP: 76/76 MP: 10/23
 15728 | D:10     | Entered Level 10 of the Dungeon
 16011 | D:10     | Reached * piety under Ashenzari
 16228 | D:10     | Noticed an eight-headed hydra
 16640 | D:10     | Reached skill level 8 in Dodging
 16747 | D:10     | Reached skill level 1 in Air Magic
 18650 | D:11     | Noticed a brown ugly thing
 18663 | D:10     | Killed a white ugly thing
 18663 | D:10     | Reached skill level 5 in Air Magic
 18815 | D:11     | Found a staircase to the Lair.
 18815 | D:11     | Noticed a hill giant
 18833 | D:11     | Killed a hill giant
 18833 | D:11     | Reached skill level 9 in Dodging
 19018 | D:11     | Noticed badtown's ghost (journeyman MfIE)
 19154 | D:11     | Noticed a sixfirhy
 19392 | D:11     | Noticed a brown ugly thing
 19401 | D:11     | Killed a brown ugly thing
 19588 | D:11     | Noticed a green ugly thing
 19602 | D:11     | Killed a green ugly thing
 19639 | D:11     | Reached XP level 12. HP: 47/82 MP: 10/24
 20576 | D:11     | Reached skill level 1 in Armour
 20956 | Lair:1   | Entered Level 1 of the Lair of Beasts
 22710 | Lair:1   | Reached skill level 5 in Armour
 23598 | Lair:3   | Found a staircase to the Shoals.
 23979 | Lair:3   | Reached skill level 5 in Stealth
 24282 | Lair:3   | Noticed Prince Ribbit
 24470 | Lair:3   | Reached XP level 13. HP: 88/88 MP: 10/25
 24735 | Lair:3   | Killed Prince Ribbit
 25153 | Lair:3   | Reached ** piety under Ashenzari
 26149 | Lair:4   | Noticed a six-headed hydra
 26599 | Lair:4   | Found a dark tunnel.
 26607 | Volcano  | Entered a volcano
 26750 | Volcano  | Found a radiant altar of Vehumet.
 26837 | Volcano  | Learned a level 3 spell: Regeneration
 27082 | Lair:4   | Reached skill level 1 in Charms
 27118 | Lair:4   | Reached skill level 10 in Dodging
 27118 | Lair:4   | Reached XP level 14. HP: 97/97 MP: 23/26
 27649 | Lair:4   | Reached skill level 1 in Necromancy
 28583 | Lair:5   | Identified a scroll of acquirement
 30400 | Lair:6   | Noticed Helmschank's ghost (journeyman KoAs)
 30929 | Lair:6   | Learned a level 2 spell: Shroud of Golubria
 30944 | Lair:6   | Reached skill level 1 in Short Blades
 31320 | Lair:6   | Noticed Maud
 31329 | Lair:6   | Found a hole to the Spider Nest.
 31914 | Lair:6   | Learned a level 3 spell: Spectral Weapon
 33225 | Lair:8   | Entered Level 8 of the Lair of Beasts
 33343 | Lair:7   | Reached XP level 15. HP: 87/101 MP: 19/27
 34039 | Lair:7   | HP: 5/101 [death yak (9)]
 34039 | Lair:7   | Slain by a death yak

Skill      XL: |  1  2  3  4  5  6  7  8  9 10 11 12 13 14 15 |
---------------+----------------------------------------------+-----
Conjurations   | 1 2 3 4 5 6 8 |  8.0
Spellcasting   | 3 4 7 8 |  8.0
Dodging        | 5 7 9 10 | 10.7
Fighting       | 3 7 8 9 |  9.1
Air Magic      | 7 8 |  8.4
Armour         | 7 8 |  8.7
Translocations | 4 |  4.0
Stealth        | 5 6 9 |  9.9
Charms         | 4 |  4.4
Necromancy     | 2 |  2.8
Short Blades   | 3 4 |  4.0
Summonings     | |  0.8

Action                   |  1- 3 |  4- 6 |  7- 9 | 10-12 | 13-15 || total
-------------------------+-------+-------+-------+-------+-------++-------
Melee: Dagger            |    31 |       |       |       |   296 ||   327
       Short sword       |     4 |    56 |   156 |   571 |   350 ||  1137
 Fire: Arbalest          |       |       |    68 |   146 |    12 ||   226
 Cast: Magic Dart        |    75 |   151 |   157 |   478 |   302 ||  1163
       Call Imp          |     6 |    21 |    24 |    22 |     2 ||    75
       Mephitic Cloud    |       |    10 |    14 |    79 |    61 ||   164
       Repel Missiles    |       |       |     3 |     1 |       ||     4
       Conjure Flame     |       |       |    16 |    65 |    42 ||   123
       Blink             |       |       |     1 |    22 |    10 ||    33
       Static Discharge  |       |       |       |    27 |    88 ||   115
       Lightning Bolt    |       |       |       |     4 |    12 ||    16
       Regeneration      |       |       |       |       |     7 ||     7
       Spectral Weapon   |       |       |       |       |     3 ||     3
Invok: Scrying           |       |       |       |       |     1 ||     1
Evoke: Wand              |       |       |       |     4 |     8 ||    12
       Box of beasts     |       |       |       |       |     3 ||     3
  Use: Scroll            |     3 |     6 |     8 |    12 |     7 ||    36
       Potion            |     1 |     2 |       |     2 |     1 ||     6
 Stab: Sleeping          |     2 |     1 |     1 |       |    11 ||    15
       Confused          |       |     1 |     5 |    30 |    46 ||    82
       Distracted        |       |       |       |       |     2 ||     2
  Eat: Chunk             |     1 |    14 |    17 |    28 |    33 ||    93
       Bread ration      |     1 |       |       |       |       ||     1
       Royal jelly       |       |       |     1 |     1 |       ||     2
       Meat ration       |       |       |       |     2 |       ||     2
       Pizza             |       |       |       |     1 |     1 ||     2
Armor: Robe              |    10 |    11 |    32 |    58 |       ||   111
       Skin              |       |       |       |    22 |       ||    22
       Troll leather arm |       |       |       |    38 |    98 ||   136
Dodge: Dodged            |    47 |    42 |   128 |   541 |   569 ||  1327
       Deflected         |       |       |     5 |     8 |       ||    13
